Rangers vs Maple Leafs
Created - February 27, 2020 at 23:06
Goals
|
| Rangers |
1 |
1 |
1 |
3 |
| Maple Leafs |
0 |
2 |
3 |
5 |
|
Shots
|
| Rangers |
12 |
8 |
15 |
35 |
| Maple Leafs |
13 |
10 |
6 |
29 |
|
1st period
1. Rangers , Matt Read 10 (Tomas Hertl 10, Alexei Emelin 2) at 5:03
Penalties :
No Penalty
2nd period
2. Rangers , Milan Lucic 31 (Patrice Bergeron 28, Jakob Silfverberg 28) at 2:22
3. Maple Leafs , Patrick Kane 36 (Braydon Coburn 13, Beau Bennett 3) at 3:40
4. Maple Leafs , Patrick Kane 37 (John Klingberg 17, Taylor Hall 25) at 12:48 (PP)
Penalties :
Kyle Clifford (Tor) for Hooking (Minor) at 5:26, Milan Lucic (NYR) for Hooking (Minor) at 12:40
3rd period
5. Rangers , Milan Lucic 32 (Patrice Bergeron 29) at 8:10 (PP)
6. Maple Leafs , Hampus Lindholm 10 (Taylor Hall 26) at 8:46 (PP)
7. Maple Leafs , Taylor Hall 11 (John Klingberg 18, Jordan Staal 28) at 12:34 (PP)
8. Maple Leafs , Ben Smith 12 (Brayden Schenn 20, Kevin Shattenkirk 31) at 19:24 (PP)
Penalties :
Marc-Édouard Vlasic (Tor) for Hooking (Minor) at 1:38, Beau Bennett (Tor) for Hooking (Minor) at 7:17, Milan Lucic (NYR) for Interference (Minor) at 8:34, Jakob Silfverberg (NYR) for Slashing (Minor) at 11:16, Taylor Hall (Tor) for Interference (Minor) at 16:23, Alexei Emelin (NYR) for Holding (Minor) at 18:39
Goalie Stats
Frederik Andersen (NYR), 24 saves from 29 shots - (0.828), L, 24-16-2, 60:00 minutes
Marc-André Fleury (Tor), 32 saves from 35 shots - (0.914), W, 18-16-7, 60:00 minutes
Players Stats for Rangers
Player Name G A P +/- PIM S H SB GA TA FO MP PP MP PK MP
------------------------------------------------------------------------------------
Alexei Emelin 0 1 1 1 2 2 0 0 0 0 0/0 10:32 0:00 0:00
Cam Barker 0 0 0 0 0 4 4 2 1 1 0/0 30:02 4:41 1:59
Chris Bourque 0 0 0 1 0 0 2 0 0 0 0/0 12:28 0:00 0:00
Colten Teubert 0 0 0 1 0 1 0 1 0 1 0/0 10:33 0:00 0:00
Jakob Silfverberg 0 1 1 1 2 5 1 0 1 0 2/3 21:58 4:19 0:00
James Neal 0 0 0 -1 0 4 1 1 0 1 0/1 17:16 2:31 0:00
Kyle Okposo 0 0 0 -1 0 3 2 0 1 1 1/3 17:42 2:31 0:26
Luke Schenn 0 0 0 1 0 1 3 0 0 0 0/0 26:17 4:41 1:59
Mark Fistric 0 0 0 0 0 0 2 1 0 0 0/0 19:25 2:09 0:24
Matt Greene 0 0 0 0 0 2 0 0 0 0 0/0 19:25 2:09 0:24
Matt Read 1 0 1 1 0 2 1 1 0 1 0/0 12:11 0:00 0:00
Maxime Sauvé 0 0 0 0 0 0 0 0 0 0 0/0 6:34 0:00 0:00
Milan Lucic 2 0 2 1 4 5 2 0 0 0 2/8 28:35 4:19 1:37
Patrice Bergeron 0 2 2 1 0 1 4 0 0 0 17/31 23:56 4:19 1:57
Patrik Nemeth 0 0 0 -1 0 0 0 0 0 0 0/0 3:45 0:00 0:00
Sean Couturier 0 0 0 -1 0 4 0 1 1 1 8/14 17:16 2:31 0:00
Steve Quailer 0 0 0 0 0 0 1 0 0 0 1/3 7:50 0:00 0:46
Tomas Hertl 0 1 1 1 0 1 0 0 1 0 4/6 11:48 0:00 0:00
Players Stats for Maple Leafs
Player Name G A P +/- PIM S H SB GA TA FO MP PP MP PK MP
------------------------------------------------------------------------------------
Beau Bennett 0 1 1 0 2 0 2 0 0 0 0/1 11:31 0:00 0:00
Ben Smith 1 0 1 0 0 2 3 1 0 0 0/0 16:58 0:30 2:01
Blake Comeau 0 0 0 -2 0 0 1 1 2 0 0/0 8:12 0:00 0:00
Brayden Schenn 0 1 1 0 0 6 1 1 0 0 9/19 19:10 0:30 4:30
Braydon Coburn 0 1 1 1 0 0 2 1 1 0 0/0 23:55 0:00 4:25
Eric Nystrom 0 0 0 -2 0 0 0 0 0 0 0/0 9:45 0:00 1:16
Hampus Lindholm 1 0 1 -1 0 3 4 0 0 1 0/0 21:53 1:24 2:25
Jake Guentzel 0 0 0 0 0 1 0 0 0 0 0/0 11:32 0:00 0:00
John Klingberg 0 2 2 1 0 1 0 1 0 2 0/0 16:22 0:59 0:00
Jordan Staal 0 1 1 1 0 1 2 2 1 1 16/32 19:45 1:53 1:16
Kevin Shattenkirk 0 1 1 -1 0 1 1 3 1 0 0/0 24:45 1:24 2:25
Kyle Clifford 0 0 0 1 2 0 2 1 0 0 1/2 20:25 0:30 2:56
Marc-Édouard Vlasic 0 0 0 -1 2 1 1 0 0 1 0/0 13:30 0:59 0:00
Mika Zibanejad 0 0 0 0 0 2 3 1 1 0 6/10 12:39 0:00 0:25
Nate Thompson 0 0 0 -2 0 1 0 0 0 0 2/4 8:12 0:00 0:00
Patrick Kane 2 0 2 1 0 4 1 0 0 0 0/0 19:45 1:53 1:16
Ryan Parent 0 0 0 -1 0 0 1 1 0 0 0/0 18:57 0:00 4:25
Taylor Hall 1 2 3 0 2 6 3 1 0 0 0/1 15:50 1:53 0:00
3 Stars
1 - Patrick Kane (Tor)
2 - Taylor Hall (Tor)
3 - Ben Smith (Tor)
Power Play
Rangers - 1 on 4 Attempt(s) - 25.00%
Maple Leafs - 4 on 4 Attempt(s) - 100.00%
Penalty Kill
Rangers - 0 on 4 Attempt(s) - 0.00%
- Score 0 goal in Penalty Kill
Maple Leafs - 3 on 4 Attempt(s) - 75.00%
- Score 0 goal in Penalty Kill
Team Stat
Rangers - Hits : 23 - Faceoff Wins : 35 - Blocked Shots : 7 - Penalty Minutes : 8
Maple Leafs - Hits : 27 - Faceoff Wins : 34 - Blocked Shots : 14 - Penalty Minutes : 8
Official
Referees : Unknown
Linesman : Unknown
Game Notes
No Game Note
Finance
Level 1 -- Attendance: 5411 (90.18%) -- Ticket Income $595,210
Level 2 -- Attendance: 4053 (81.06%) -- Ticket Income $283,710
Level 3 -- Attendance: 1517 (75.85%) -- Ticket Income $69,782
Level 4 -- Attendance: 3502 (87.55%) -- Ticket Income $105,060
Luxury Box -- Attendance: 1000 (100.00%) -- Ticket Income $180,000
Game was played at the Maple Leafs Garden.
Total Attendance: 15483 (86.02%)
Total Ticket Income: $1,233,762
Other Income: $185,064
Total Income: $1,418,826
Rangers
5 vs 5 Forward
Center Left Wing Right Wing Time % Phy DF OF
1 Patrice Bergeron Milan Lucic Jakob Silfverberg 40 1 2 2
2 Sean Couturier James Neal Kyle Okposo 30 1 2 2
3 Tomas Hertl Chris Bourque Matt Read 20 1 2 2
4 Maxime Sauvé Milan Lucic Steve Quailer 10 1 2 2
5 vs 5 Defense
Defense Defense Time % Phy DF OF
1 Cam Barker Luke Schenn 40 1 2 2
2 Mark Fistric Matt Greene 30 1 2 2
3 Colten Teubert Alexei Emelin 20 1 2 2
4 Patrik Nemeth Cam Barker 10 1 2 2
PowerPlay Forward
Center Left Wing Right Wing Time % Phy DF OF
1 Patrice Bergeron Milan Lucic Jakob Silfverberg 60 1 2 2
2 Sean Couturier James Neal Kyle Okposo 40 1 2 2
PowerPlay Defense
Defense Defense Time % Phy DF OF
1 Cam Barker Luke Schenn 60 1 2 2
2 Mark Fistric Matt Greene 40 1 2 2
Penalty Kill 4 Players Forward
Center Wing Time % Phy DF OF
1 Milan Lucic Patrice Bergeron 60 1 2 2
2 Jakob Silfverberg Kyle Okposo 40 1 2 2
Penalty Kill 4 Players Defense
Defense Defense Time % Phy DF OF
1 Cam Barker Luke Schenn 60 1 2 2
2 Mark Fistric Matt Greene 40 1 2 2
Penalty Kill - 3 Players Forward
Forward Time % Phy DF OF
1 Milan Lucic 60 1 2 2
2 Patrice Bergeron 40 1 2 2
Penalty Kill - 3 Players Defense
Defense Defense Time % Phy DF OF
1 Cam Barker Luke Schenn 60 1 2 2
2 Mark Fistric Matt Greene 40 1 2 2
4 vs 4 Forward
Center Wing Time % Phy DF OF
1 Milan Lucic Patrice Bergeron 60 1 2 2
2 Jakob Silfverberg Kyle Okposo 40 1 2 2
4 vs 4 Defense
Defense Defense Time % Phy DF OF
1 Cam Barker Luke Schenn 60 1 2 2
2 Mark Fistric Matt Greene 40 1 2 2
Last Minutes Offensive
Center Left Wing Right Wing Defense Defense
Patrice Bergeron Milan Lucic Jakob Silfverberg Cam Barker Luke Schenn
Last Minutes Defensive
Center Left Wing Right Wing Defense Defense
Patrice Bergeron Milan Lucic Jakob Silfverberg Cam Barker Luke Schenn
Goaltenders
Starting : Frederik Andersen
Backup : Mike Condon
Extra Forwards
Normal : Matt Read, Chris Bourque, Steve Quailer - PP : Matt Read, Chris Bourque - PK : Steve Quailer
Extra Defensemen
Normal : Colten Teubert, Alexei Emelin, Patrik Nemeth - PP : Colten Teubert - PK : Alexei Emelin, Patrik Nemeth
Penalty Shots
Milan Lucic, Patrice Bergeron, Jakob Silfverberg, Kyle Okposo, James Neal
Scratches
Magnus Paajarvi-Svensson (Healthy)
Maple Leafs
5 vs 5 Forward
Center Left Wing Right Wing Time % Phy DF OF
1 Jordan Staal Kyle Clifford Patrick Kane 40 1 1 3
2 Brayden Schenn Taylor Hall Ben Smith 30 1 2 2
3 Mika Zibanejad Jake Guentzel Beau Bennett 20 1 2 2
4 Nate Thompson Eric Nystrom Blake Comeau 10 1 3 1
5 vs 5 Defense
Defense Defense Time % Phy DF OF
1 Kevin Shattenkirk Hampus Lindholm 40 0 2 3
2 John Klingberg Braydon Coburn 30 1 2 2
3 Ryan Parent Marc-Édouard Vlasic 20 1 2 2
4 Kevin Shattenkirk Braydon Coburn 10 1 1 3
PowerPlay Forward
Center Left Wing Right Wing Time % Phy DF OF
1 Jordan Staal Taylor Hall Patrick Kane 60 0 1 4
2 Brayden Schenn Kyle Clifford Ben Smith 40 0 1 4
PowerPlay Defense
Defense Defense Time % Phy DF OF
1 Kevin Shattenkirk Hampus Lindholm 60 0 1 4
2 Marc-Édouard Vlasic John Klingberg 40 0 1 4
Penalty Kill 4 Players Forward
Center Wing Time % Phy DF OF
1 Brayden Schenn Kyle Clifford 60 1 3 1
2 Jordan Staal Patrick Kane 40 1 3 1
Penalty Kill 4 Players Defense
Defense Defense Time % Phy DF OF
1 Braydon Coburn Ryan Parent 60 1 3 1
2 Kevin Shattenkirk Hampus Lindholm 40 1 3 1
Penalty Kill - 3 Players Forward
Forward Time % Phy DF OF
1 Brayden Schenn 60 1 4 0
2 Jordan Staal 40 1 4 0
Penalty Kill - 3 Players Defense
Defense Defense Time % Phy DF OF
1 Braydon Coburn Ryan Parent 60 1 4 0
2 Kevin Shattenkirk Hampus Lindholm 40 1 4 0
4 vs 4 Forward
Center Wing Time % Phy DF OF
1 Jordan Staal Patrick Kane 60 1 2 2
2 Brayden Schenn Taylor Hall 40 1 2 2
4 vs 4 Defense
Defense Defense Time % Phy DF OF
1 Kevin Shattenkirk John Klingberg 60 1 2 2
2 Braydon Coburn Ryan Parent 40 1 2 2
Last Minutes Offensive
Center Left Wing Right Wing Defense Defense
Jordan Staal Taylor Hall Patrick Kane Kevin Shattenkirk Hampus Lindholm
Last Minutes Defensive
Center Left Wing Right Wing Defense Defense
Jordan Staal Eric Nystrom Patrick Kane Braydon Coburn Ryan Parent
Goaltenders
Starting : Marc-André Fleury
Backup : Tyler Weiman
Extra Forwards
Normal : Taylor Hall, Mika Zibanejad, Patrick Kane - PP : Brayden Schenn, Ben Smith - PK : Ben Smith
Extra Defensemen
Normal : Hampus Lindholm, Braydon Coburn, Kevin Shattenkirk - PP : John Klingberg - PK : Ryan Parent, Kevin Shattenkirk
Penalty Shots
Patrick Kane, Jordan Staal, Taylor Hall, Brayden Schenn, John Klingberg
Scratches
None
% Time on Ice - Rangers
Lines # - Real PCT - Wanted PCT - Time Play
Normal Forward
1 - 35% - 40% - 17:40
2 - 29% - 30% - 14:45
3 - 23% - 20% - 11:48
4 - 13% - 10% - 6:34
Normal Defense
1 - 39% - 40% - 19:37
2 - 33% - 30% - 16:52
3 - 21% - 20% - 10:33
4 - 7% - 10% - 3:45
PP Forward
1 - 63% - 60% - 4:19
2 - 37% - 40% - 2:31
PP Defense
1 - 69% - 60% - 4:41
2 - 31% - 40% - 2:09
PK Forward
1 - 82% - 60% - 1:57
2 - 18% - 40% - 0:26
PK Defense
1 - 83% - 60% - 1:59
2 - 17% - 40% - 0:24
PK3 Forward
1 - 0% - 60%
2 - 0% - 40%
PK3 Defense
1 - 0% - 60%
2 - 0% - 40%
44 Forward
1 - 0% - 60%
2 - 0% - 40%
44 Defense
1 - 0% - 60%
2 - 0% - 40%
Last Minute Offensive - 0:00
Last Minute Defensive - 0:00
Total
Forward - 60:00
Defense - 60:00
|
% Time on Ice - Maple Leafs
Lines # - Real PCT - Wanted PCT - Time Play
Normal Forward
1 - 34% - 40% - 17:17
2 - 27% - 30% - 13:46
3 - 23% - 20% - 11:32
4 - 16% - 10% - 8:12
Normal Defense
1 - 40% - 40% - 20:21
2 - 31% - 30% - 15:54
3 - 23% - 20% - 11:32
4 - 6% - 10% - 3:00
PP Forward
1 - 79% - 60% - 1:53
2 - 21% - 40% - 0:30
PP Defense
1 - 59% - 60% - 1:24
2 - 41% - 40% - 0:59
PK Forward
1 - 81% - 60% - 5:34
2 - 19% - 40% - 1:16
PK Defense
1 - 65% - 60% - 4:25
2 - 35% - 40% - 2:25
PK3 Forward
1 - 0% - 60%
2 - 0% - 40%
PK3 Defense
1 - 0% - 60%
2 - 0% - 40%
44 Forward
1 - 0% - 60%
2 - 0% - 40%
44 Defense
1 - 0% - 60%
2 - 0% - 40%
Last Minute Offensive - 0:00
Last Minute Defensive - 0:00
Total
Forward - 60:00
Defense - 60:00
|
Play-by-Play
1st period
0:01 of 1st period - Jordan Staal wins face-off versus Patrice Bergeron in neutral zone.
0:26 of 1st period - Ben Smith is hit by Cam Barker and loses puck.
1:27 of 1st period - Jakob Silfverberg is hit by Patrick Kane and loses puck.
1:43 of 1st period - Slapshot by James Neal.
1:43 of 1st period - Shot Misses the Net.
1:45 of 1st period - Slapshot by Colten Teubert.
1:45 of 1st period - Deflect By Ryan Parent.
1:45 of 1st period - Stopped by Marc-André Fleury with a rebound.
1:47 of 1st period - Snap shot by Alexei Emelin.
1:47 of 1st period - Stopped by Marc-André Fleury with a rebound.
2:57 of 1st period - Kevin Shattenkirk is hit by Chris Bourque and loses puck.
3:23 of 1st period - Slapshot by Brayden Schenn.
3:23 of 1st period - Deflect By Alexei Emelin.
3:23 of 1st period - Shot Blocked by James Neal.
3:23 of 1st period - Puck is out of play.
3:24 of 1st period - Brayden Schenn wins face-off versus Sean Couturier in Rangers zone.
3:31 of 1st period - Slapshot by Brayden Schenn.
3:31 of 1st period - Shot Misses the Net.
3:33 of 1st period - Slapshot by Braydon Coburn.
3:33 of 1st period - Shot Misses the Net.
3:35 of 1st period - Wrist shot by Taylor Hall.
3:35 of 1st period - Stopped by Frederik Andersen with a rebound.
3:37 of 1st period - Snap shot by Brayden Schenn.
3:37 of 1st period - Stopped by Frederik Andersen without a rebound.
3:38 of 1st period - Jordan Staal wins face-off versus Patrice Bergeron in Rangers zone.
4:25 of 1st period - Snap shot by James Neal.
4:25 of 1st period - Stopped by Marc-André Fleury with a rebound.
4:27 of 1st period - Wrist shot by Sean Couturier.
4:27 of 1st period - Shot Misses the Net.
4:29 of 1st period - Wrist shot by Kyle Okposo.
4:29 of 1st period - Stopped by Marc-André Fleury with a rebound.
5:01 of 1st period - Snap shot by Tomas Hertl.
5:01 of 1st period - Shot Blocked by Kevin Shattenkirk.
5:03 of 1st period - Wrist shot by Matt Read.
5:03 of 1st period - Goal by Matt Read - Rangers : 1 - Maple Leafs : 0.
5:04 of 1st period - Patrice Bergeron wins face-off versus Jordan Staal in neutral zone.
5:39 of 1st period - Snap shot by Jake Guentzel.
5:39 of 1st period - Stopped by Frederik Andersen with a rebound.
5:41 of 1st period - Snap shot by Beau Bennett.
5:41 of 1st period - Deflect By Mika Zibanejad.
5:41 of 1st period - Stopped by Frederik Andersen without a rebound.
5:42 of 1st period - Mika Zibanejad wins face-off versus Kyle Okposo in Rangers zone.
5:47 of 1st period - Wrist shot by Mika Zibanejad.
5:47 of 1st period - Shot Misses the Net.
5:49 of 1st period - Snap shot by Beau Bennett.
5:49 of 1st period - Shot Misses the Net.
6:49 of 1st period - Slapshot by Mika Zibanejad.
6:49 of 1st period - Stopped by Frederik Andersen without a rebound.
6:50 of 1st period - Jordan Staal wins face-off versus Sean Couturier in Rangers zone.
7:03 of 1st period - Backhand shot by Jordan Staal.
7:03 of 1st period - Stopped by Frederik Andersen with a rebound.
7:19 of 1st period - Wrist shot by Taylor Hall.
7:19 of 1st period - Stopped by Frederik Andersen without a rebound.
7:20 of 1st period - Tomas Hertl wins face-off versus Brayden Schenn in Rangers zone.
7:49 of 1st period - Icing by Jordan Staal.
7:50 of 1st period - Jordan Staal wins face-off versus Patrice Bergeron in Maple Leafs zone.
7:50 of 1st period - Jordan Staal is hit by Cam Barker.
7:53 of 1st period - Icing by Kyle Clifford.
7:54 of 1st period - Patrice Bergeron wins face-off versus Jordan Staal in Maple Leafs zone.
8:00 of 1st period - Slapshot by Milan Lucic.
8:00 of 1st period - Shot Blocked by Jordan Staal.
8:12 of 1st period - Wrist shot by Patrice Bergeron.
8:12 of 1st period - Stopped by Marc-André Fleury without a rebound.
8:13 of 1st period - Brayden Schenn wins face-off versus Sean Couturier in Maple Leafs zone.
8:13 of 1st period - Brayden Schenn is hit by Kyle Okposo.
8:18 of 1st period - Off-side.
8:19 of 1st period - Sean Couturier wins face-off versus Brayden Schenn in neutral zone.
9:27 of 1st period - Wrist shot by James Neal.
9:27 of 1st period - Stopped by Marc-André Fleury with a rebound.
9:29 of 1st period - Snap shot by Matt Greene.
9:29 of 1st period - Stopped by Marc-André Fleury with a rebound.
9:41 of 1st period - Braydon Coburn is hit by Chris Bourque and loses puck.
10:29 of 1st period - Backhand shot by Mika Zibanejad.
10:29 of 1st period - Deflect By Jake Guentzel.
10:29 of 1st period - Shot Misses the Net.
10:29 of 1st period - Puck is out of play.
10:30 of 1st period - Kyle Okposo wins face-off versus Nate Thompson in Rangers zone.
10:37 of 1st period - Wrist shot by James Neal.
10:37 of 1st period - Deflect By Sean Couturier.
10:37 of 1st period - Stopped by Marc-André Fleury without a rebound.
10:38 of 1st period - Sean Couturier wins face-off versus Nate Thompson in Maple Leafs zone.
11:05 of 1st period - Backhand shot by Tomas Hertl.
11:05 of 1st period - Stopped by Marc-André Fleury with a rebound.
11:28 of 1st period - Snap shot by Jakob Silfverberg.
11:28 of 1st period - Shot Blocked by Kevin Shattenkirk.
11:30 of 1st period - Slapshot by Milan Lucic.
11:30 of 1st period - Stopped by Marc-André Fleury with a rebound.
12:10 of 1st period - Slapshot by James Neal.
12:10 of 1st period - Stopped by Marc-André Fleury with a rebound.
13:39 of 1st period - Jake Guentzel is hit by Milan Lucic.
14:07 of 1st period - James Neal is hit by Blake Comeau and loses puck.
14:20 of 1st period - Jordan Staal is hit by Patrice Bergeron.
14:40 of 1st period - Chris Bourque is hit by Ben Smith and loses puck.
15:27 of 1st period - Cam Barker is hit by Taylor Hall and loses puck.
15:36 of 1st period - Wrist shot by Brayden Schenn.
15:36 of 1st period - Stopped by Frederik Andersen without a rebound.
15:37 of 1st period - Sean Couturier wins face-off versus Mika Zibanejad in Rangers zone.
16:02 of 1st period - John Klingberg is hit by Patrice Bergeron and loses puck.
16:09 of 1st period - Backhand shot by Jakob Silfverberg.
16:09 of 1st period - Shot Blocked by Jordan Staal.
16:48 of 1st period - Slapshot by John Klingberg.
16:48 of 1st period - Shot Blocked by Colten Teubert.
16:50 of 1st period - Slapshot by Taylor Hall.
16:50 of 1st period - Stopped by Frederik Andersen without a rebound.
16:51 of 1st period - Sean Couturier wins face-off versus Jordan Staal in Rangers zone.
16:51 of 1st period - Sean Couturier is hit by Hampus Lindholm.
17:01 of 1st period - Snap shot by Patrick Kane.
17:01 of 1st period - Stopped by Frederik Andersen without a rebound.
17:02 of 1st period - Patrice Bergeron wins face-off versus Jordan Staal in Rangers zone.
17:44 of 1st period - Icing by Kyle Okposo.
17:45 of 1st period - Sean Couturier wins face-off versus Beau Bennett in Rangers zone.
18:48 of 1st period - Kyle Clifford is hit by Jakob Silfverberg and loses puck.
19:24 of 1st period - Snap shot by Nate Thompson.
19:24 of 1st period - Stopped by Frederik Andersen without a rebound.
19:25 of 1st period - Nate Thompson wins face-off versus Patrice Bergeron in Rangers zone.
19:26 of 1st period - Slapshot by Hampus Lindholm.
19:26 of 1st period - Stopped by Frederik Andersen without a rebound.
19:27 of 1st period - Nate Thompson wins face-off versus Milan Lucic in Rangers zone.
19:28 of 1st period - Snap shot by Hampus Lindholm.
19:28 of 1st period - Stopped by Frederik Andersen with a rebound.
Goals for this period are 1 for Rangers vs 0 for Maple Leafs.
Shots for this period are 12 for Rangers vs 13 for Maple Leafs.
2nd period
0:01 of 2nd period - Jordan Staal wins face-off versus Patrice Bergeron in neutral zone.
0:35 of 2nd period - Mark Fistric is hit by Ben Smith and loses puck.
1:20 of 2nd period - Luke Schenn is hit by Marc-Édouard Vlasic and loses puck.
1:29 of 2nd period - Marc-Édouard Vlasic is hit by Milan Lucic and loses puck.
2:20 of 2nd period - Wrist shot by Patrice Bergeron.
2:20 of 2nd period - Shot Misses the Net.
2:22 of 2nd period - Snap shot by Milan Lucic.
2:22 of 2nd period - Goal by Milan Lucic - Rangers : 2 - Maple Leafs : 0.
2:23 of 2nd period - Jordan Staal wins face-off versus Sean Couturier in neutral zone.
2:25 of 2nd period - Off-side.
2:26 of 2nd period - Kyle Clifford wins face-off versus Sean Couturier in neutral zone.
2:59 of 2nd period - Snap shot by Taylor Hall.
2:59 of 2nd period - Shot Blocked by Mark Fistric.
3:01 of 2nd period - Slapshot by Kevin Shattenkirk.
3:01 of 2nd period - Deflect By Brayden Schenn.
3:01 of 2nd period - Stopped by Frederik Andersen with a rebound.
3:03 of 2nd period - Wrist shot by Brayden Schenn.
3:03 of 2nd period - Stopped by Frederik Andersen with a rebound.
3:09 of 2nd period - Slapshot by Taylor Hall.
3:09 of 2nd period - Stopped by Frederik Andersen without a rebound.
3:10 of 2nd period - Mika Zibanejad wins face-off versus Milan Lucic in Rangers zone.
3:11 of 2nd period - Slapshot by Jake Guentzel.
3:11 of 2nd period - Deflect By Jakob Silfverberg.
3:11 of 2nd period - Shot Misses the Net.
3:11 of 2nd period - Puck is out of play.
3:12 of 2nd period - Mika Zibanejad wins face-off versus Patrice Bergeron in Rangers zone.
3:13 of 2nd period - Snap shot by Beau Bennett.
3:13 of 2nd period - Shot Misses the Net.
3:25 of 2nd period - Braydon Coburn is hit by Patrice Bergeron and loses puck.
3:38 of 2nd period - Slapshot by Braydon Coburn.
3:38 of 2nd period - Shot Blocked by Sean Couturier.
3:40 of 2nd period - Wrist shot by Patrick Kane.
3:40 of 2nd period - Goal by Patrick Kane - Rangers : 2 - Maple Leafs : 1.
3:41 of 2nd period - Patrice Bergeron wins face-off versus Jordan Staal in neutral zone.
3:43 of 2nd period - Off-side.
3:44 of 2nd period - Jordan Staal wins face-off versus Patrice Bergeron in neutral zone.
4:07 of 2nd period - Patrick Kane is hit by Luke Schenn and loses puck.
4:35 of 2nd period - Off-side.
4:36 of 2nd period - Sean Couturier wins face-off versus Taylor Hall in neutral zone.
4:41 of 2nd period - Wrist shot by Sean Couturier.
4:41 of 2nd period - Shot Blocked by John Klingberg.
4:43 of 2nd period - Slapshot by Alexei Emelin.
4:43 of 2nd period - Stopped by Marc-André Fleury without a rebound.
4:44 of 2nd period - Sean Couturier wins face-off versus Brayden Schenn in Maple Leafs zone.
4:51 of 2nd period - Snap shot by Kyle Okposo.
4:51 of 2nd period - Shot Misses the Net.
5:03 of 2nd period - Wrist shot by Taylor Hall.
5:03 of 2nd period - Stopped by Frederik Andersen without a rebound.
5:04 of 2nd period - Jakob Silfverberg wins face-off versus Jordan Staal in Rangers zone.
5:04 of 2nd period - Jakob Silfverberg is hit by Jordan Staal.
5:26 of 2nd period - Minor Penalty to Kyle Clifford for Hooking.
5:27 of 2nd period - Brayden Schenn wins face-off versus Patrice Bergeron in Maple Leafs zone.
5:54 of 2nd period - Cam Barker is hit by Braydon Coburn and loses puck.
6:06 of 2nd period - Icing by Kyle Okposo.
6:07 of 2nd period - Patrice Bergeron wins face-off versus Mika Zibanejad in Rangers zone.
6:44 of 2nd period - Backhand shot by Luke Schenn.
6:44 of 2nd period - Stopped by Marc-André Fleury without a rebound.
6:45 of 2nd period - Mika Zibanejad wins face-off versus Patrice Bergeron in Maple Leafs zone.
6:58 of 2nd period - Snap shot by Milan Lucic.
6:58 of 2nd period - Stopped by Marc-André Fleury without a rebound.
6:59 of 2nd period - Brayden Schenn wins face-off versus Patrice Bergeron in Maple Leafs zone.
7:08 of 2nd period - Snap shot by Jakob Silfverberg.
7:08 of 2nd period - Shot Blocked by Brayden Schenn.
7:10 of 2nd period - Snap shot by Luke Schenn.
7:10 of 2nd period - Shot Misses the Net.
7:12 of 2nd period - Snap shot by Jakob Silfverberg.
7:12 of 2nd period - Stopped by Marc-André Fleury without a rebound.
7:13 of 2nd period - Brayden Schenn wins face-off versus Jakob Silfverberg in Maple Leafs zone.
7:22 of 2nd period - Milan Lucic is hit by Ryan Parent and loses puck.
7:26 of 2nd period - Penalty to Kyle Clifford is over, Kyle Clifford is back on ice.
7:34 of 2nd period - Icing by Brayden Schenn.
7:35 of 2nd period - Sean Couturier wins face-off versus Brayden Schenn in Maple Leafs zone.
7:40 of 2nd period - Wrist shot by James Neal.
7:40 of 2nd period - Stopped by Marc-André Fleury with a rebound.
7:42 of 2nd period - Snap shot by Sean Couturier.
7:42 of 2nd period - Shot Blocked by Ryan Parent.
8:06 of 2nd period - Mark Fistric is hit by Mika Zibanejad.
8:22 of 2nd period - Wrist shot by Blake Comeau.
8:22 of 2nd period - Shot Blocked by Matt Read.
8:56 of 2nd period - Patrick Kane is hit by Luke Schenn and loses puck.
9:49 of 2nd period - Snap shot by Milan Lucic.
9:49 of 2nd period - Shot Misses the Net.
9:51 of 2nd period - Snap shot by Steve Quailer.
9:51 of 2nd period - Shot Blocked by Blake Comeau.
11:13 of 2nd period - Slapshot by Ben Smith.
11:13 of 2nd period - Stopped by Frederik Andersen with a rebound.
12:08 of 2nd period - Milan Lucic is hit by Mika Zibanejad and loses puck.
12:19 of 2nd period - Wrist shot by Kyle Okposo.
12:19 of 2nd period - Shot Misses the Net.
12:21 of 2nd period - Snap shot by Sean Couturier.
12:21 of 2nd period - Shot Misses the Net.
12:23 of 2nd period - Wrist shot by James Neal.
12:23 of 2nd period - Shot Blocked by Ben Smith.
12:25 of 2nd period - Slapshot by Mark Fistric.
12:25 of 2nd period - Shot Blocked by Taylor Hall.
12:40 of 2nd period - Minor Penalty to Milan Lucic for Hooking.
12:41 of 2nd period - Jordan Staal wins face-off versus Steve Quailer in Rangers zone.
12:44 of 2nd period - Wrist shot by Taylor Hall.
12:44 of 2nd period - Shot Misses the Net.
12:46 of 2nd period - Slapshot by John Klingberg.
12:46 of 2nd period - Shot Misses the Net.
12:48 of 2nd period - Wrist shot by Patrick Kane.
12:48 of 2nd period - Goal by Patrick Kane - Rangers : 2 - Maple Leafs : 2.
12:49 of 2nd period - Patrice Bergeron wins face-off versus Jordan Staal in neutral zone.
12:52 of 2nd period - Slapshot by Cam Barker.
12:52 of 2nd period - Stopped by Marc-André Fleury with a rebound.
13:24 of 2nd period - Kevin Shattenkirk is hit by Mark Fistric and loses puck.
13:51 of 2nd period - Wrist shot by Sean Couturier.
13:51 of 2nd period - Stopped by Marc-André Fleury with a rebound.
14:09 of 2nd period - Slapshot by John Klingberg.
14:09 of 2nd period - Stopped by Frederik Andersen with a rebound.
14:49 of 2nd period - Steve Quailer is hit by Braydon Coburn.
15:27 of 2nd period - Mark Fistric is hit by Kyle Clifford and loses puck.
17:05 of 2nd period - Tomas Hertl is hit by Brayden Schenn and loses puck.
17:26 of 2nd period - Snap shot by Marc-Édouard Vlasic.
17:26 of 2nd period - Stopped by Frederik Andersen with a rebound.
18:57 of 2nd period - Luke Schenn is hit by Hampus Lindholm and loses puck.
19:16 of 2nd period - Matt Greene is hit by Taylor Hall and loses puck.
19:23 of 2nd period - Snap shot by Brayden Schenn.
19:23 of 2nd period - Stopped by Frederik Andersen with a rebound.
19:31 of 2nd period - Snap shot by Milan Lucic.
19:31 of 2nd period - Shot Misses the Net.
19:45 of 2nd period - Matt Greene is hit by Kevin Shattenkirk and loses puck.
19:52 of 2nd period - Ben Smith is hit by Steve Quailer and loses puck.
19:57 of 2nd period - Slapshot by Milan Lucic.
19:57 of 2nd period - Shot Blocked by Mika Zibanejad.
Goals for this period are 1 for Rangers vs 2 for Maple Leafs.
Shots for this period are 8 for Rangers vs 10 for Maple Leafs.
3rd period
0:01 of 3rd period - Jakob Silfverberg wins face-off versus Jordan Staal in neutral zone.
0:26 of 3rd period - Kyle Okposo is hit by Ben Smith and loses puck.
1:36 of 3rd period - Wrist shot by Kyle Okposo.
1:36 of 3rd period - Stopped by Marc-André Fleury with a rebound.
1:38 of 3rd period - Minor Penalty to Marc-Édouard Vlasic for Hooking.
1:39 of 3rd period - Patrice Bergeron wins face-off versus Brayden Schenn in Maple Leafs zone.
1:48 of 3rd period - Slapshot by Jakob Silfverberg.
1:48 of 3rd period - Shot Misses the Net.
1:50 of 3rd period - Wrist shot by Cam Barker.
1:50 of 3rd period - Stopped by Marc-André Fleury without a rebound.
1:51 of 3rd period - Patrice Bergeron wins face-off versus Kyle Clifford in Maple Leafs zone.
2:16 of 3rd period - Ryan Parent is hit by James Neal and loses puck.
2:27 of 3rd period - Slapshot by Kyle Okposo.
2:27 of 3rd period - Stopped by Marc-André Fleury without a rebound.
2:28 of 3rd period - Milan Lucic wins face-off versus Brayden Schenn in Maple Leafs zone.
2:29 of 3rd period - Slapshot by Jakob Silfverberg.
2:29 of 3rd period - Shot Blocked by Kevin Shattenkirk.
3:38 of 3rd period - Penalty to Marc-Édouard Vlasic is over, Marc-Édouard Vlasic is back on ice.
3:42 of 3rd period - Off-side.
3:43 of 3rd period - Mika Zibanejad wins face-off versus Tomas Hertl in neutral zone.
5:12 of 3rd period - Wrist shot by Kevin Shattenkirk.
5:12 of 3rd period - Deflect By Mika Zibanejad.
5:12 of 3rd period - Shot Misses the Net.
5:12 of 3rd period - Puck is out of play.
5:13 of 3rd period - Patrice Bergeron wins face-off versus Mika Zibanejad in Rangers zone.
5:13 of 3rd period - Patrice Bergeron is hit by Mika Zibanejad.
5:18 of 3rd period - Off-side.
5:19 of 3rd period - Patrice Bergeron wins face-off versus Jordan Staal in neutral zone.
5:24 of 3rd period - Kyle Clifford is hit by Cam Barker and loses puck.
5:29 of 3rd period - Snap shot by Jakob Silfverberg.
5:29 of 3rd period - Shot Misses the Net.
5:31 of 3rd period - Slapshot by Cam Barker.
5:31 of 3rd period - Stopped by Marc-André Fleury with a rebound.
5:33 of 3rd period - Slapshot by Cam Barker.
5:33 of 3rd period - Stopped by Marc-André Fleury without a rebound.
5:34 of 3rd period - Patrice Bergeron wins face-off versus Jordan Staal in Maple Leafs zone.
5:37 of 3rd period - Slapshot by Milan Lucic.
5:37 of 3rd period - Shot Blocked by Kyle Clifford.
5:59 of 3rd period - Luke Schenn is hit by Hampus Lindholm and loses puck.
6:05 of 3rd period - Milan Lucic is hit by Beau Bennett and loses puck.
6:42 of 3rd period - Ryan Parent is hit by Mark Fistric and loses puck.
6:51 of 3rd period - Mark Fistric is hit by Jordan Staal and loses puck.
6:58 of 3rd period - Jordan Staal is hit by Matt Read.
7:17 of 3rd period - Minor Penalty to Beau Bennett for Hooking.
7:18 of 3rd period - Brayden Schenn wins face-off versus Patrice Bergeron in Maple Leafs zone.
7:50 of 3rd period - Slapshot by Cam Barker.
7:50 of 3rd period - Shot Misses the Net.
7:52 of 3rd period - Slapshot by Cam Barker.
7:52 of 3rd period - Shot Blocked by Braydon Coburn.
7:54 of 3rd period - Wrist shot by James Neal.
7:54 of 3rd period - Deflect By Sean Couturier.
7:54 of 3rd period - Shot Misses the Net.
7:54 of 3rd period - Puck is out of play.
7:55 of 3rd period - Jordan Staal wins face-off versus James Neal in Maple Leafs zone.
8:08 of 3rd period - Snap shot by Sean Couturier.
8:08 of 3rd period - Stopped by Marc-André Fleury without a rebound.
8:09 of 3rd period - Patrice Bergeron wins face-off versus Brayden Schenn in Maple Leafs zone.
8:10 of 3rd period - Slapshot by Milan Lucic.
8:10 of 3rd period - Goal by Milan Lucic - Rangers : 3 - Maple Leafs : 2.
8:11 of 3rd period - Patrice Bergeron wins face-off versus Jordan Staal in neutral zone.
8:34 of 3rd period - Minor Penalty to Milan Lucic for Interference.
8:35 of 3rd period - Steve Quailer wins face-off versus Jordan Staal in Rangers zone.
8:46 of 3rd period - Wrist shot by Hampus Lindholm.
8:46 of 3rd period - Goal by Hampus Lindholm - Rangers : 3 - Maple Leafs : 3.
8:47 of 3rd period - Patrice Bergeron wins face-off versus Jordan Staal in neutral zone.
8:56 of 3rd period - Snap shot by Milan Lucic.
8:56 of 3rd period - Deflect By Jakob Silfverberg.
8:56 of 3rd period - Stopped by Marc-André Fleury without a rebound.
8:57 of 3rd period - Jordan Staal wins face-off versus Patrice Bergeron in Maple Leafs zone.
9:20 of 3rd period - Wrist shot by Milan Lucic.
9:20 of 3rd period - Shot Misses the Net.
9:30 of 3rd period - Wrist shot by Milan Lucic.
9:30 of 3rd period - Shot Misses the Net.
9:32 of 3rd period - Slapshot by Luke Schenn.
9:32 of 3rd period - Shot Misses the Net.
9:36 of 3rd period - Slapshot by Milan Lucic.
9:36 of 3rd period - Deflect By Jakob Silfverberg.
9:36 of 3rd period - Stopped by Marc-André Fleury with a rebound.
9:38 of 3rd period - Wrist shot by Patrice Bergeron.
9:38 of 3rd period - Shot Misses the Net.
9:40 of 3rd period - Snap shot by Milan Lucic.
9:40 of 3rd period - Stopped by Marc-André Fleury without a rebound.
9:41 of 3rd period - Brayden Schenn wins face-off versus Sean Couturier in Maple Leafs zone.
9:56 of 3rd period - John Klingberg is hit by Kyle Okposo and loses puck.
10:14 of 3rd period - Snap shot by John Klingberg.
10:14 of 3rd period - Deflect By Mika Zibanejad.
10:14 of 3rd period - Shot Misses the Net.
10:14 of 3rd period - Puck is out of play.
10:15 of 3rd period - Jordan Staal wins face-off versus Kyle Okposo in Rangers zone.
10:28 of 3rd period - Snap shot by Sean Couturier.
10:28 of 3rd period - Stopped by Marc-André Fleury with a rebound.
10:30 of 3rd period - Snap shot by Kyle Okposo.
10:30 of 3rd period - Shot Misses the Net.
10:40 of 3rd period - Patrice Bergeron is hit by Hampus Lindholm and loses puck.
11:00 of 3rd period - Icing by Milan Lucic.
11:01 of 3rd period - Mika Zibanejad wins face-off versus Tomas Hertl in Rangers zone.
11:11 of 3rd period - Off-side.
11:12 of 3rd period - Patrice Bergeron wins face-off versus Jordan Staal in neutral zone.
11:16 of 3rd period - Minor Penalty to Jakob Silfverberg for Slashing.
11:17 of 3rd period - Jordan Staal wins face-off versus Milan Lucic in Rangers zone.
11:18 of 3rd period - Backhand shot by Patrick Kane.
11:18 of 3rd period - Stopped by Frederik Andersen without a rebound.
11:19 of 3rd period - Milan Lucic wins face-off versus Jordan Staal in Rangers zone.
11:34 of 3rd period - Snap shot by Patrick Kane.
11:34 of 3rd period - Shot Blocked by Cam Barker.
11:48 of 3rd period - Slapshot by Kevin Shattenkirk.
11:48 of 3rd period - Stopped by Frederik Andersen without a rebound.
11:49 of 3rd period - Brayden Schenn wins face-off versus Milan Lucic in Rangers zone.
12:12 of 3rd period - Icing by John Klingberg.
12:13 of 3rd period - Jordan Staal wins face-off versus Steve Quailer in Maple Leafs zone.
12:32 of 3rd period - Snap shot by Taylor Hall.
12:32 of 3rd period - Shot Hit the Post.
12:34 of 3rd period - Wrist shot by John Klingberg.
12:34 of 3rd period - Deflect By Taylor Hall.
12:34 of 3rd period - Goal by Taylor Hall - Rangers : 3 - Maple Leafs : 4.
12:35 of 3rd period - Jordan Staal wins face-off versus Patrice Bergeron in neutral zone.
12:40 of 3rd period - Jakob Silfverberg is hit by Kyle Clifford and loses puck.
13:01 of 3rd period - Patrick Kane is hit by Luke Schenn.
13:29 of 3rd period - Slapshot by Mark Fistric.
13:29 of 3rd period - Shot Misses the Net.
14:06 of 3rd period - Slapshot by Matt Read.
14:06 of 3rd period - Stopped by Marc-André Fleury with a rebound.
14:08 of 3rd period - Slapshot by Matt Greene.
14:08 of 3rd period - Stopped by Marc-André Fleury without a rebound.
14:09 of 3rd period - Tomas Hertl wins face-off versus Brayden Schenn in Maple Leafs zone.
15:12 of 3rd period - Off-side.
15:13 of 3rd period - Tomas Hertl wins face-off versus Jordan Staal in neutral zone.
15:40 of 3rd period - Matt Greene is hit by Beau Bennett and loses puck.
15:53 of 3rd period - Beau Bennett is hit by Patrice Bergeron.
16:23 of 3rd period - Minor Penalty to Taylor Hall for Interference.
16:24 of 3rd period - Patrice Bergeron wins face-off versus Brayden Schenn in Maple Leafs zone.
16:27 of 3rd period - Slapshot by Jakob Silfverberg.
16:27 of 3rd period - Shot Misses the Net.
16:29 of 3rd period - Slapshot by Jakob Silfverberg.
16:29 of 3rd period - Stopped by Marc-André Fleury without a rebound.
16:30 of 3rd period - Patrice Bergeron wins face-off versus Brayden Schenn in Maple Leafs zone.
16:37 of 3rd period - Wrist shot by Jakob Silfverberg.
16:37 of 3rd period - Stopped by Marc-André Fleury without a rebound.
16:38 of 3rd period - Brayden Schenn wins face-off versus Patrice Bergeron in Maple Leafs zone.
17:33 of 3rd period - Kevin Shattenkirk is hit by Cam Barker and loses puck.
18:23 of 3rd period - Penalty to Taylor Hall is over, Taylor Hall is back on ice.
18:39 of 3rd period - Minor Penalty to Alexei Emelin for Holding.
18:40 of 3rd period - Jordan Staal wins face-off versus Milan Lucic in Rangers zone.
18:50 of 3rd period - Backhand shot by Patrick Kane.
18:50 of 3rd period - Shot Misses the Net.
18:52 of 3rd period - Slapshot by Hampus Lindholm.
18:52 of 3rd period - Shot Misses the Net.
18:54 of 3rd period - Slapshot by Hampus Lindholm.
18:54 of 3rd period - Deflect By Patrick Kane.
18:54 of 3rd period - Shot Blocked by Cam Barker.
18:54 of 3rd period - Puck is out of play.
18:55 of 3rd period - Michel Therrien call a timeout for Rangers.
18:55 of 3rd period - Jordan Staal wins face-off versus Milan Lucic in Rangers zone.
19:22 of 3rd period - Snap shot by Brayden Schenn.
19:22 of 3rd period - Stopped by Frederik Andersen with a rebound.
19:24 of 3rd period - Wrist shot by Ben Smith.
19:24 of 3rd period - Goal by Ben Smith - Rangers : 3 - Maple Leafs : 5.
19:25 of 3rd period - Tomas Hertl wins face-off versus Mika Zibanejad in neutral zone.
19:40 of 3rd period - Wrist shot by Matt Read.
19:40 of 3rd period - Shot Misses the Net.
19:52 of 3rd period - Luke Schenn is hit by Taylor Hall and loses puck.
Goals for this period are 1 for Rangers vs 3 for Maple Leafs.
Shots for this period are 15 for Rangers vs 6 for Maple Leafs.
Back to the Top